Flyers vs Blues

Created - 16 février 2018 at 21:15

Goals
1 2 3 T
Flyers 1 0 1 2
Blues 1 0 2 3
Shots
1 2 3 T
Flyers 12 6 7 25
Blues 7 10 16 33

1st period

1. Flyers , Calle Jarnkrok 15 (Jonathan Ericsson 13, Joel Ward 15) at 1:31
2. Blues , Dwight King 5 (Carl Gunnarsson 10, Chris Wideman 9) at 15:18

Penalties :
Carl Gunnarsson (STL) for Hooking (Minor) at 8:08, Matt Benning (PHI) for Interference (Minor) at 17:45

2nd period

No Goal

Penalties :
Michael Raffl (STL) for Hooking (Minor) at 10:48

3rd period

3. Flyers , Josh Ho-Sang 1 (Alexander Killorn 14, Scott Hartnell 20) at 18:46
4. Blues , Rick Nash 25 (Mike Fisher 38, Brian Gionta 25) at 19:53
5. Blues , Kris Versteeg 16 (Jay McClement 14) at 19:59

Penalties :
Joel Ward (PHI) for High sticking (Minor) at 2:41, Riley Sheahan (PHI) for Hooking (Minor) at 5:15

Goalie Stats

Steve Mason (PHI), 30 saves from 33 shots - (0.909), L, 17-26-4, 60:00 minutes
Ryan Miller (STL), 23 saves from 25 shots - (0.920), W, 18-18-4, 59:18 minutes

Players Stats for Flyers

Player Name              G  A  P  +/- PIM S  H  SB GA TA FO     MP     PP MP  PK MP  
------------------------------------------------------------------------------------
Alexander Killorn        0  1  1   1  0   2  1  0  0  0  5/12   15:32   0:00   1:55 
Andre Burakovsky         0  0  0  -2  0   2  0  0  0  0  0/3    18:09   1:52   0:41 
Andrew MacDonald         0  0  0   0  0   1  1  2  0  0  0/0    21:42   0:07   2:23 
Ben Hutton               0  0  0  -2  0   0  1  3  0  0  0/0    18:52   0:00   2:02 
Bo Horvat                0  0  0  -2  0   2  0  1  0  0  11/20  19:05   1:52   0:00 
Calle Jarnkrok           1  0  1   0  0   6  0  0  0  0  1/1    15:58   2:06   2:01 
Casey Cizikas            0  0  0   0  0   3  1  0  0  0  10/18  16:44   2:06   3:02 
Damon Severson           0  0  0   0  0   0  4  0  0  0  0/0    23:28   2:13   2:31 
Joel Ward                0  1  1   1  2   1  0  1  0  0  0/0    11:51   0:00   1:09 
Jonathan Ericsson        0  1  1   1  0   0  1  2  0  0  0/0    18:51   1:45   2:31 
Jori Lehtera             0  0  0   0  0   1  2  0  0  0  4/9     9:16   0:00   0:00 
Josh Ho-Sang             1  0  1   1  0   2  0  0  0  0  0/2    13:37   0:00   0:00 
Kyle Brodziak            0  0  0  -1  0   0  0  0  0  0  1/4    12:46   0:00   2:37 
Matt Benning             0  0  0  -2  2   0  6  3  0  0  0/0    19:40   1:45   1:45 
Riley Sheahan            0  0  0   0  2   1  0  0  0  0  1/2     9:15   0:00   0:00 
Scott Hartnell           0  1  1   1  0   1  0  0  0  0  0/3    14:37   2:06   0:31 
Thomas Vanek             0  0  0  -2  0   1  0  0  0  0  0/1    17:28   1:52   0:00 
Troy Stecher             0  0  0   1  0   2  1  2  0  0  0/0    17:09   2:06   0:40 

Players Stats for Blues

Player Name              G  A  P  +/- PIM S  H  SB GA TA FO     MP     PP MP  PK MP  
------------------------------------------------------------------------------------
Adam Cracknell           0  0  0  -1  0   2  2  0  0  0  0/0     8:15   0:00   0:13 
Braydon Coburn           0  0  0   0  0   1  0  0  0  0  0/0    19:43   2:53   1:47 
Brian Flynn              0  0  0  -1  0   3  0  0  0  0  6/15   14:09   0:00   0:13 
Brian Gionta             0  1  1   1  0   5  1  1  0  0  3/4    18:53   3:21   2:20 
Cal Clutterbuck          0  0  0  -1  0   5  4  0  0  0  0/0    14:30   0:34   0:00 
Carl Gunnarsson          0  1  1   0  2   1  0  1  0  0  0/0    16:12   0:00   0:00 
Chris Wideman            0  1  1   0  0   0  3  1  0  0  0/0    16:23   0:00   0:00 
Dwight King              1  0  1   2  0   3  0  0  0  0  1/1    17:31   2:36   0:00 
Jacob Josefson           0  0  0  -1  0   0  0  0  0  0  5/8     8:02   0:00   0:00 
Jay McClement            0  1  1   2  0   1  4  0  0  0  9/17   16:38   1:43   0:00 
Jiri Hudler              0  0  0   0  0   0  0  0  0  0  1/1     2:37   1:09   0:00 
John-Michael Liles       0  0  0   0  0   0  0  0  0  0  0/0    19:43   2:53   1:47 
Johnny Boychuk           0  0  0   1  0   2  0  2  0  0  0/0    24:04   3:04   2:11 
Kris Versteeg            1  0  1   2  0   1  2  0  0  0  0/1    18:56   2:36   1:25 
Michael Raffl            0  0  0  -1  2   2  2  0  0  0  0/1    13:55   0:00   0:00 
Mike Fisher              0  1  1   0  0   4  3  1  0  0  17/26  24:53   2:47   2:20 
Niklas Kronwall          0  0  0   1  0   0  0  1  0  0  0/0    23:54   3:04   2:11 
Rick Nash                1  0  1   1  0   3  0  0  0  0  0/1    17:42   3:05   1:25 

3 Stars

1 - Kris Versteeg (STL)
2 - Dwight King (STL)
3 - Jay McClement (STL)

Power Play

Flyers - 0 on 2 Attempt(s) - 0.00%
Blues - 0 on 3 Attempt(s) - 0.00%

Penalty Kill

Flyers - 3 on 3 Attempt(s) - 100.00% - Score 0 goal in Penalty Kill
Blues - 2 on 2 Attempt(s) - 100.00% - Score 0 goal in Penalty Kill

Team Stat

Flyers - Hits : 18 - Faceoff Wins : 33 - Blocked Shots : 14 - Penalty Minutes : 6
Blues - Hits : 21 - Faceoff Wins : 42 - Blocked Shots : 7 - Penalty Minutes : 4

Official

Referees : Mike Leggo and Dave Jackson
Linesman : Brian Murphy and Greg Devorski

Game Notes

No Game Note

Finance

Level 1 -- Attendance: 6500 (100.00%) -- Ticket Income 656 500 $
Level 2 -- Attendance: 3836 (76.72%) -- Ticket Income 326 060 $
Level 3 -- Attendance: 2965 (84.71%) -- Ticket Income 177 900 $
Level 4 -- Attendance: 2046 (64.95%) -- Ticket Income 92 070 $
Luxury Box -- Attendance: 870 (87.00%) -- Ticket Income 174 000 $
Game was played at the Scottrade Center.
Total Attendance: 16217 (84.68%)
Total Ticket Income: 1 426 530 $
Other Income: 213 980 $
Total Income: 1 640 510 $

% Time on Ice - Flyers

Lines # - Real PCT - Wanted PCT - Time Play
Normal Forward
1 - 32% - 35% - 15:36
2 - 28% - 30% - 13:37
3 - 22% - 23% - 10:43
4 - 19% - 12% - 9:16
Normal Defense
1 - 37% - 42% - 18:23
2 - 34% - 34% - 16:36
3 - 28% - 24% - 13:58
4 - 1% - 0% - 0:15
PP Forward
1 - 47% - 60% - 1:52
2 - 53% - 40% - 2:06
PP Defense
1 - 56% - 60% - 2:13
2 - 44% - 40% - 1:45
PK Forward
1 - 71% - 60% - 4:14
2 - 29% - 40% - 1:43
PK Defense
1 - 65% - 50% - 3:52
2 - 35% - 50% - 2:05
PK3 Forward
1 - 0% - 60%
2 - 0% - 40%
PK3 Defense
1 - 0% - 60%
2 - 0% - 40%
44 Forward
1 - 0% - 60%
2 - 0% - 40%
44 Defense
1 - 0% - 60%
2 - 0% - 40%
Last Minute Offensive  - 0:00
Last Minute Defensive  - 0:53
Total
Forward - 60:00
Defense - 60:00

% Time on Ice - Blues

Lines # - Real PCT - Wanted PCT - Time Play
Normal Forward
1 - 25% - 40% - 12:19
2 - 30% - 30% - 14:55
3 - 28% - 20% - 13:56
4 - 16% - 10% - 8:02
Normal Defense
1 - 35% - 40% - 17:18
2 - 31% - 30% - 15:03
3 - 33% - 20% - 16:11
4 - 1% - 10% - 0:40
PP Forward
1 - 56% - 60% - 3:21
2 - 44% - 40% - 2:36
PP Defense
1 - 52% - 60% - 3:04
2 - 48% - 40% - 2:53
PK Forward
1 - 64% - 60% - 2:33
2 - 36% - 40% - 1:25
PK Defense
1 - 55% - 60% - 2:11
2 - 45% - 40% - 1:47
PK3 Forward
1 - 0% - 60%
2 - 0% - 40%
PK3 Defense
1 - 0% - 60%
2 - 0% - 40%
44 Forward
1 - 0% - 60%
2 - 0% - 40%
44 Defense
1 - 0% - 60%
2 - 0% - 40%
Last Minute Offensive  - 0:53
Last Minute Defensive  - 0:00
Total
Forward - 60:00
Defense - 60:00

Play by Play

1st period


0:01 of 1st period - Mike Fisher wins face-off versus Bo Horvat in neutral zone.
0:53 of 1st period - Shot by Alexander Killorn.
0:53 of 1st period - Shot Misses the Net.
1:23 of 1st period - Icing by Braydon Coburn.
1:24 of 1st period - Casey Cizikas wins face-off versus Jay McClement in Blues zone.
1:25 of 1st period - Shot by Calle Jarnkrok.
1:25 of 1st period - Stopped by Ryan Miller without a rebound.
1:26 of 1st period - Casey Cizikas wins face-off versus Brian Flynn in Blues zone.
1:27 of 1st period - Shot by Joel Ward.
1:27 of 1st period - Stopped by Ryan Miller with a rebound.
1:29 of 1st period - Shot by Jonathan Ericsson.
1:29 of 1st period - Shot Blocked by Carl Gunnarsson.
1:31 of 1st period - Shot by Calle Jarnkrok.
1:31 of 1st period - Goal by Calle Jarnkrok - Flyers : 1 - Blues : 0.
1:32 of 1st period - Kyle Brodziak wins face-off versus Brian Flynn in neutral zone.
1:53 of 1st period - Shot by Cal Clutterbuck.
1:53 of 1st period - Stopped by Steve Mason without a rebound.
1:54 of 1st period - Casey Cizikas wins face-off versus Jacob Josefson in Flyers zone.
1:54 of 1st period - Joel Ward is hit by Mike Fisher and loses puck.
2:01 of 1st period - Shot by Adam Cracknell.
2:01 of 1st period - Deflect By Mike Fisher.
2:01 of 1st period - Shot Blocked by Andrew MacDonald.
3:09 of 1st period - Thomas Vanek is hit by Jay McClement.
3:45 of 1st period - Jonathan Ericsson is hit by Cal Clutterbuck.
4:12 of 1st period - Shot by Rick Nash.
4:12 of 1st period - Shot Misses the Net.
4:20 of 1st period - Shot by Brian Gionta.
4:20 of 1st period - Stopped by Steve Mason without a rebound.
4:21 of 1st period - Jacob Josefson wins face-off versus Riley Sheahan in Flyers zone.
4:21 of 1st period - Adam Cracknell is hit by Andrew MacDonald.
4:25 of 1st period - Shot by Adam Cracknell.
4:25 of 1st period - Shot Misses the Net.
4:36 of 1st period - Shot by Kyle Brodziak.
4:36 of 1st period - Shot Blocked by Johnny Boychuk.
4:38 of 1st period - Shot by Jori Lehtera.
4:38 of 1st period - Stopped by Ryan Miller without a rebound.
4:39 of 1st period - Casey Cizikas wins face-off versus Mike Fisher in Blues zone.
4:54 of 1st period - Matt Benning is hit by Mike Fisher and loses puck.
5:03 of 1st period - Shot by Calle Jarnkrok.
5:03 of 1st period - Stopped by Ryan Miller with a rebound.
5:41 of 1st period - Shot by Thomas Vanek.
5:41 of 1st period - Shot Misses the Net.
5:55 of 1st period - Shot by Bo Horvat.
5:55 of 1st period - Shot Misses the Net.
5:57 of 1st period - Shot by Andrew MacDonald.
5:57 of 1st period - Stopped by Ryan Miller without a rebound.
5:58 of 1st period - Alexander Killorn wins face-off versus Brian Flynn in Blues zone.
6:18 of 1st period - Shot by Cal Clutterbuck.
6:18 of 1st period - Stopped by Steve Mason without a rebound.
6:19 of 1st period - Jacob Josefson wins face-off versus Jori Lehtera in Flyers zone.
6:23 of 1st period - Icing by Andrew MacDonald.
6:24 of 1st period - Jori Lehtera wins face-off versus Jay McClement in Flyers zone.
6:55 of 1st period - Kyle Brodziak is hit by Kris Versteeg and loses puck.
7:14 of 1st period - Shot by Michael Raffl.
7:14 of 1st period - Shot Misses the Net.
7:24 of 1st period - Shot by Michael Raffl.
7:24 of 1st period - Stopped by Steve Mason without a rebound.
7:25 of 1st period - Bo Horvat wins face-off versus Mike Fisher in Flyers zone.
7:25 of 1st period - Bo Horvat is hit by Brian Gionta.
7:31 of 1st period - Shot by Thomas Vanek.
7:31 of 1st period - Deflect By Andre Burakovsky.
7:31 of 1st period - Stopped by Ryan Miller without a rebound.
7:32 of 1st period - Mike Fisher wins face-off versus Scott Hartnell in Blues zone.
7:32 of 1st period - Brian Gionta is hit by Alexander Killorn and loses puck.
7:41 of 1st period - Shot by Scott Hartnell.
7:41 of 1st period - Shot Misses the Net.
7:55 of 1st period - Shot by Alexander Killorn.
7:55 of 1st period - Shot Blocked by Brian Gionta.
7:57 of 1st period - Shot by Jonathan Ericsson.
7:57 of 1st period - Shot Misses the Net.
8:08 of 1st period - Minor Penalty to Carl Gunnarsson for Hooking.
8:09 of 1st period - Bo Horvat wins face-off versus Mike Fisher in Blues zone.
8:30 of 1st period - Shot by Thomas Vanek.
8:30 of 1st period - Stopped by Ryan Miller without a rebound.
8:31 of 1st period - Calle Jarnkrok wins face-off versus Kris Versteeg in Blues zone.
8:34 of 1st period - Shot by Calle Jarnkrok.
8:34 of 1st period - Shot Misses the Net.
8:36 of 1st period - Shot by Troy Stecher.
8:36 of 1st period - Shot Misses the Net.
8:50 of 1st period - Shot by Casey Cizikas.
8:50 of 1st period - Stopped by Ryan Miller with a rebound.
8:52 of 1st period - Shot by Casey Cizikas.
8:52 of 1st period - Stopped by Ryan Miller without a rebound.
8:53 of 1st period - Bo Horvat wins face-off versus Mike Fisher in Blues zone.
9:12 of 1st period - Shot by Thomas Vanek.
9:12 of 1st period - Deflect By Bo Horvat.
9:12 of 1st period - Shot Misses the Net.
11:14 of 1st period - Shot by Dwight King.
11:14 of 1st period - Shot Misses the Net.
11:16 of 1st period - Shot by Niklas Kronwall.
11:16 of 1st period - Shot Misses the Net.
11:18 of 1st period - Shot by Johnny Boychuk.
11:18 of 1st period - Shot Misses the Net.
11:55 of 1st period - Icing by Damon Severson.
11:56 of 1st period - Mike Fisher wins face-off versus Alexander Killorn in Flyers zone.
11:56 of 1st period - Mike Fisher is hit by Damon Severson.
12:01 of 1st period - Icing by Andrew MacDonald.
12:02 of 1st period - Brian Gionta wins face-off versus Josh Ho-Sang in Flyers zone.
12:43 of 1st period - Shot by Casey Cizikas.
12:43 of 1st period - Deflect By Joel Ward.
12:43 of 1st period - Shot Hit the Post.
12:45 of 1st period - Shot by Calle Jarnkrok.
12:45 of 1st period - Stopped by Ryan Miller without a rebound.
12:46 of 1st period - Jay McClement wins face-off versus Jori Lehtera in Blues zone.
12:46 of 1st period - Jay McClement is hit by Jori Lehtera.
12:49 of 1st period - Icing by Johnny Boychuk.
12:50 of 1st period - Jay McClement wins face-off versus Jori Lehtera in Blues zone.
12:54 of 1st period - Johnny Boychuk is hit by Matt Benning.
13:18 of 1st period - Shot by Riley Sheahan.
13:18 of 1st period - Stopped by Ryan Miller without a rebound.
13:19 of 1st period - Brian Flynn wins face-off versus Casey Cizikas in Blues zone.
13:25 of 1st period - Off-side.
13:26 of 1st period - Brian Flynn wins face-off versus Casey Cizikas in neutral zone.
13:31 of 1st period - Jonathan Ericsson is hit by Michael Raffl.
13:32 of 1st period - Icing by Jonathan Ericsson.
13:33 of 1st period - Casey Cizikas wins face-off versus Brian Flynn in Flyers zone.
13:33 of 1st period - Casey Cizikas is hit by Cal Clutterbuck.
13:44 of 1st period - Shot by Michael Raffl.
13:44 of 1st period - Deflect By Cal Clutterbuck.
13:44 of 1st period - Shot Misses the Net.
14:47 of 1st period - Shot by Mike Fisher.
14:47 of 1st period - Stopped by Steve Mason without a rebound.
14:48 of 1st period - Bo Horvat wins face-off versus Jay McClement in Flyers zone.
14:48 of 1st period - Bo Horvat is hit by Jay McClement.
15:18 of 1st period - Shot by Dwight King.
15:18 of 1st period - Goal by Dwight King - Flyers : 1 - Blues : 1.
15:19 of 1st period - Jacob Josefson wins face-off versus Alexander Killorn in neutral zone.
15:59 of 1st period - Damon Severson is hit by Adam Cracknell and loses puck.
16:05 of 1st period - Off-side.
16:06 of 1st period - Bo Horvat wins face-off versus Brian Flynn in neutral zone.
16:23 of 1st period - Cal Clutterbuck is hit by Matt Benning and loses puck.
17:17 of 1st period - Dwight King is hit by Matt Benning and loses puck.
17:34 of 1st period - Shot by Brian Gionta.
17:34 of 1st period - Shot Blocked by Matt Benning.
17:36 of 1st period - Shot by Johnny Boychuk.
17:36 of 1st period - Shot Blocked by Matt Benning.
17:43 of 1st period - Brian Gionta is hit by Matt Benning and loses puck.
17:45 of 1st period - Minor Penalty to Matt Benning for Interference.
17:46 of 1st period - Mike Fisher wins face-off versus Kyle Brodziak in Flyers zone.
18:09 of 1st period - Shot by Rick Nash.
18:09 of 1st period - Shot Misses the Net.
18:11 of 1st period - Shot by John-Michael Liles.
18:11 of 1st period - Shot Misses the Net.
18:13 of 1st period - Shot by Braydon Coburn.
18:13 of 1st period - Stopped by Steve Mason with a rebound.
18:15 of 1st period - Shot by John-Michael Liles.
18:15 of 1st period - Shot Misses the Net.
19:32 of 1st period - Shot by Andrew MacDonald.
19:32 of 1st period - Shot Misses the Net.
Goals for this period are 1 for Flyers vs 1 for Blues.
Shots for this period are 12 for Flyers vs 7 for Blues.

2nd period


0:01 of 2nd period - Bo Horvat wins face-off versus Mike Fisher in neutral zone.
0:01 of 2nd period - Bo Horvat is hit by Mike Fisher.
1:04 of 2nd period - Shot by Jay McClement.
1:04 of 2nd period - Shot Misses the Net.
1:06 of 2nd period - Shot by Jay McClement.
1:06 of 2nd period - Shot Misses the Net.
1:08 of 2nd period - Shot by Dwight King.
1:08 of 2nd period - Shot Misses the Net.
1:10 of 2nd period - Shot by Jay McClement.
1:10 of 2nd period - Shot Misses the Net.
1:16 of 2nd period - Shot by Kris Versteeg.
1:16 of 2nd period - Shot Blocked by Ben Hutton.
1:18 of 2nd period - Shot by John-Michael Liles.
1:18 of 2nd period - Shot Blocked by Matt Benning.
1:37 of 2nd period - Cal Clutterbuck is hit by Ben Hutton and loses puck.
1:46 of 2nd period - Shot by Michael Raffl.
1:46 of 2nd period - Shot Blocked by Ben Hutton.
1:54 of 2nd period - Shot by Brian Flynn.
1:54 of 2nd period - Shot Misses the Net.
2:08 of 2nd period - Shot by Adam Cracknell.
2:08 of 2nd period - Stopped by Steve Mason with a rebound.
2:10 of 2nd period - Shot by Johnny Boychuk.
2:10 of 2nd period - Stopped by Steve Mason without a rebound.
2:11 of 2nd period - Mike Fisher wins face-off versus Casey Cizikas in Flyers zone.
2:18 of 2nd period - Shot by Rick Nash.
2:18 of 2nd period - Shot Blocked by Troy Stecher.
2:55 of 2nd period - Off-side.
2:56 of 2nd period - Dwight King wins face-off versus Bo Horvat in neutral zone.
4:32 of 2nd period - Jacob Josefson is hit by Troy Stecher and loses puck.
5:19 of 2nd period - Shot by Joel Ward.
5:19 of 2nd period - Shot Misses the Net.
5:57 of 2nd period - Shot by Michael Raffl.
5:57 of 2nd period - Stopped by Steve Mason without a rebound.
5:58 of 2nd period - Mike Fisher wins face-off versus Thomas Vanek in Flyers zone.
6:20 of 2nd period - Off-side.
6:21 of 2nd period - Alexander Killorn wins face-off versus Jacob Josefson in neutral zone.
6:45 of 2nd period - Alexander Killorn is hit by Chris Wideman and loses puck.
7:09 of 2nd period - Icing by John-Michael Liles.
7:10 of 2nd period - Bo Horvat wins face-off versus Brian Flynn in Blues zone.
7:25 of 2nd period - Shot by Bo Horvat.
7:25 of 2nd period - Stopped by Ryan Miller without a rebound.
7:26 of 2nd period - Mike Fisher wins face-off versus Jori Lehtera in Blues zone.
7:26 of 2nd period - Mike Fisher is hit by Jori Lehtera.
7:31 of 2nd period - Brian Gionta is hit by Matt Benning and loses puck.
7:41 of 2nd period - Mike Fisher is hit by Matt Benning and loses puck.
8:10 of 2nd period - Icing by Johnny Boychuk.
8:11 of 2nd period - Mike Fisher wins face-off versus Bo Horvat in Blues zone.
8:15 of 2nd period - Icing by Brian Gionta.
8:16 of 2nd period - Brian Gionta wins face-off versus Bo Horvat in Blues zone.
8:20 of 2nd period - Mike Fisher is hit by Damon Severson and loses puck.
8:33 of 2nd period - Shot by Kris Versteeg.
8:33 of 2nd period - Shot Blocked by Bo Horvat.
8:35 of 2nd period - Shot by Jay McClement.
8:35 of 2nd period - Shot Misses the Net.
8:43 of 2nd period - Shot by Jay McClement.
8:43 of 2nd period - Stopped by Steve Mason without a rebound.
8:44 of 2nd period - Alexander Killorn wins face-off versus Brian Flynn in Flyers zone.
8:44 of 2nd period - Alexander Killorn is hit by Cal Clutterbuck.
8:47 of 2nd period - Scott Hartnell is hit by Cal Clutterbuck and loses puck.
9:05 of 2nd period - Shot by Alexander Killorn.
9:05 of 2nd period - Stopped by Ryan Miller without a rebound.
9:06 of 2nd period - Jay McClement wins face-off versus Casey Cizikas in Blues zone.
9:17 of 2nd period - Shot by Dwight King.
9:17 of 2nd period - Deflect By Kris Versteeg.
9:17 of 2nd period - Shot Misses the Net.
9:19 of 2nd period - Shot by John-Michael Liles.
9:19 of 2nd period - Shot Misses the Net.
9:25 of 2nd period - Shot by Kris Versteeg.
9:25 of 2nd period - Deflect By Jay McClement.
9:25 of 2nd period - Shot Blocked by Andrew MacDonald.
9:33 of 2nd period - Shot by Kris Versteeg.
9:33 of 2nd period - Shot Misses the Net.
9:43 of 2nd period - Casey Cizikas is hit by Jay McClement and loses puck.
9:59 of 2nd period - Shot by Brian Gionta.
9:59 of 2nd period - Stopped by Steve Mason without a rebound.
10:00 of 2nd period - Brian Flynn wins face-off versus Bo Horvat in Flyers zone.
10:15 of 2nd period - Shot by Cal Clutterbuck.
10:15 of 2nd period - Stopped by Steve Mason without a rebound.
10:16 of 2nd period - Brian Gionta wins face-off versus Alexander Killorn in Flyers zone.
10:33 of 2nd period - Shot by Rick Nash.
10:33 of 2nd period - Stopped by Steve Mason without a rebound.
10:34 of 2nd period - Brian Flynn wins face-off versus Andre Burakovsky in Flyers zone.
10:48 of 2nd period - Minor Penalty to Michael Raffl for Hooking.
10:49 of 2nd period - Mike Fisher wins face-off versus Scott Hartnell in Blues zone.
11:33 of 2nd period - Icing by Jonathan Ericsson.
11:34 of 2nd period - Mike Fisher wins face-off versus Andre Burakovsky in Flyers zone.
11:35 of 2nd period - Shot by Brian Gionta.
11:35 of 2nd period - Shot Misses the Net.
13:05 of 2nd period - Shot by Brian Flynn.
13:05 of 2nd period - Shot Blocked by Ben Hutton.
13:07 of 2nd period - Shot by Brian Flynn.
13:07 of 2nd period - Stopped by Steve Mason with a rebound.
13:19 of 2nd period - Shot by Cal Clutterbuck.
13:19 of 2nd period - Stopped by Steve Mason without a rebound.
13:20 of 2nd period - Jay McClement wins face-off versus Alexander Killorn in Flyers zone.
13:40 of 2nd period - Off-side.
13:41 of 2nd period - Jacob Josefson wins face-off versus Bo Horvat in neutral zone.
13:52 of 2nd period - Shot by Adam Cracknell.
13:52 of 2nd period - Shot Blocked by Jonathan Ericsson.
14:12 of 2nd period - Shot by Bo Horvat.
14:12 of 2nd period - Deflect By Andre Burakovsky.
14:12 of 2nd period - Shot Blocked by Niklas Kronwall.
14:16 of 2nd period - Shot by Bo Horvat.
14:16 of 2nd period - Stopped by Ryan Miller without a rebound.
14:17 of 2nd period - Jori Lehtera wins face-off versus Jay McClement in Blues zone.
14:17 of 2nd period - Andrew MacDonald is hit by Chris Wideman.
15:20 of 2nd period - Shot by Calle Jarnkrok.
15:20 of 2nd period - Shot Misses the Net.
16:01 of 2nd period - Brian Gionta is hit by Jonathan Ericsson and loses puck.
16:12 of 2nd period - Shot by Andre Burakovsky.
16:12 of 2nd period - Stopped by Ryan Miller with a rebound.
16:14 of 2nd period - Shot by Bo Horvat.
16:14 of 2nd period - Shot Misses the Net.
16:16 of 2nd period - Shot by Troy Stecher.
16:16 of 2nd period - Stopped by Ryan Miller without a rebound.
16:17 of 2nd period - Jacob Josefson wins face-off versus Alexander Killorn in Blues zone.
16:36 of 2nd period - Shot by Alexander Killorn.
16:36 of 2nd period - Stopped by Ryan Miller with a rebound.
17:04 of 2nd period - Shot by Calle Jarnkrok.
17:04 of 2nd period - Shot Misses the Net.
17:14 of 2nd period - Shot by Casey Cizikas.
17:14 of 2nd period - Shot Misses the Net.
17:16 of 2nd period - Shot by Calle Jarnkrok.
17:16 of 2nd period - Shot Blocked by Chris Wideman.
17:27 of 2nd period - Icing by Carl Gunnarsson.
17:28 of 2nd period - Bo Horvat wins face-off versus Jacob Josefson in Blues zone.
17:58 of 2nd period - Thomas Vanek is hit by Chris Wideman and loses puck.
18:03 of 2nd period - Shot by Bo Horvat.
18:03 of 2nd period - Shot Misses the Net.
18:22 of 2nd period - Icing by Scott Hartnell.
18:23 of 2nd period - Jay McClement wins face-off versus Scott Hartnell in Flyers zone.
18:28 of 2nd period - Shot by Kris Versteeg.
18:28 of 2nd period - Shot Misses the Net.
19:27 of 2nd period - Shot by Cal Clutterbuck.
19:27 of 2nd period - Stopped by Steve Mason without a rebound.
19:28 of 2nd period - Brian Flynn wins face-off versus Bo Horvat in Flyers zone.
19:38 of 2nd period - Icing by Troy Stecher.
19:39 of 2nd period - Bo Horvat wins face-off versus Jay McClement in Flyers zone.
Goals for this period are 0 for Flyers vs 0 for Blues.
Shots for this period are 6 for Flyers vs 10 for Blues.

3rd period


0:01 of 3rd period - Mike Fisher wins face-off versus Bo Horvat in neutral zone.
0:06 of 3rd period - Shot by Mike Fisher.
0:06 of 3rd period - Stopped by Steve Mason with a rebound.
0:32 of 3rd period - Shot by Mike Fisher.
0:32 of 3rd period - Stopped by Steve Mason without a rebound.
0:33 of 3rd period - Jay McClement wins face-off versus Alexander Killorn in Flyers zone.
0:54 of 3rd period - Shot by Kris Versteeg.
0:54 of 3rd period - Deflect By Dwight King.
0:54 of 3rd period - Shot Misses the Net.
1:01 of 3rd period - Icing by Ben Hutton.
1:02 of 3rd period - Brian Flynn wins face-off versus Josh Ho-Sang in Flyers zone.
1:14 of 3rd period - Off-side.
1:15 of 3rd period - Bo Horvat wins face-off versus Mike Fisher in neutral zone.
1:26 of 3rd period - Shot by Bo Horvat.
1:26 of 3rd period - Shot Blocked by Johnny Boychuk.
1:50 of 3rd period - Icing by Andrew MacDonald.
1:51 of 3rd period - Bo Horvat wins face-off versus Jay McClement in Flyers zone.
2:07 of 3rd period - Jay McClement is hit by Damon Severson and loses puck.
2:11 of 3rd period - Dwight King is hit by Damon Severson and loses puck.
2:40 of 3rd period - Shot by Josh Ho-Sang.
2:40 of 3rd period - Stopped by Ryan Miller without a rebound.
2:41 of 3rd period - Mike Fisher wins face-off versus Casey Cizikas in Blues zone.
2:41 of 3rd period - Minor Penalty to Joel Ward for High sticking.
2:42 of 3rd period - Mike Fisher wins face-off versus Kyle Brodziak in Flyers zone.
2:45 of 3rd period - Shot by Mike Fisher.
2:45 of 3rd period - Stopped by Steve Mason with a rebound.
2:53 of 3rd period - Shot by Brian Gionta.
2:53 of 3rd period - Stopped by Steve Mason without a rebound.
2:54 of 3rd period - Mike Fisher wins face-off versus Kyle Brodziak in Flyers zone.
3:54 of 3rd period - Ben Hutton is hit by Jay McClement and loses puck.
4:01 of 3rd period - Shot by Dwight King.
4:01 of 3rd period - Stopped by Steve Mason with a rebound.
4:50 of 3rd period - Shot by Brian Flynn.
4:50 of 3rd period - Stopped by Steve Mason without a rebound.
4:51 of 3rd period - Riley Sheahan wins face-off versus Michael Raffl in Flyers zone.
5:15 of 3rd period - Minor Penalty to Riley Sheahan for Hooking.
5:16 of 3rd period - Alexander Killorn wins face-off versus Jay McClement in Flyers zone.
5:46 of 3rd period - Andrew MacDonald is hit by Kris Versteeg and loses puck.
6:15 of 3rd period - Shot by Johnny Boychuk.
6:15 of 3rd period - Stopped by Steve Mason with a rebound.
6:17 of 3rd period - Shot by Rick Nash.
6:17 of 3rd period - Shot Blocked by Joel Ward.
7:05 of 3rd period - Icing by Cal Clutterbuck.
7:06 of 3rd period - Mike Fisher wins face-off versus Alexander Killorn in Blues zone.
7:42 of 3rd period - Shot by Michael Raffl.
7:42 of 3rd period - Shot Misses the Net.
7:44 of 3rd period - Shot by Cal Clutterbuck.
7:44 of 3rd period - Shot Misses the Net.
8:09 of 3rd period - Bo Horvat is hit by Adam Cracknell and loses puck.
9:00 of 3rd period - Icing by Ben Hutton.
9:01 of 3rd period - Alexander Killorn wins face-off versus Brian Flynn in Flyers zone.
9:01 of 3rd period - Matt Benning is hit by Michael Raffl.
9:27 of 3rd period - Shot by Brian Flynn.
9:27 of 3rd period - Stopped by Steve Mason with a rebound.
9:29 of 3rd period - Shot by Carl Gunnarsson.
9:29 of 3rd period - Stopped by Steve Mason with a rebound.
9:40 of 3rd period - Off-side.
9:41 of 3rd period - Casey Cizikas wins face-off versus Mike Fisher in neutral zone.
10:10 of 3rd period - Shot by Brian Gionta.
10:10 of 3rd period - Stopped by Steve Mason without a rebound.
10:11 of 3rd period - Jay McClement wins face-off versus Jori Lehtera in Flyers zone.
10:19 of 3rd period - Icing by Kyle Brodziak.
10:20 of 3rd period - Jori Lehtera wins face-off versus Brian Flynn in Flyers zone.
10:37 of 3rd period - Shot by Brian Flynn.
10:37 of 3rd period - Shot Misses the Net.
11:11 of 3rd period - John-Michael Liles is hit by Casey Cizikas and loses puck.
13:45 of 3rd period - Shot by Joel Ward.
13:45 of 3rd period - Shot Misses the Net.
14:19 of 3rd period - Shot by Adam Cracknell.
14:19 of 3rd period - Shot Blocked by Troy Stecher.
14:30 of 3rd period - Shot by Josh Ho-Sang.
14:30 of 3rd period - Shot Misses the Net.
14:32 of 3rd period - Shot by Scott Hartnell.
14:32 of 3rd period - Stopped by Ryan Miller with a rebound.
14:34 of 3rd period - Shot by Troy Stecher.
14:34 of 3rd period - Stopped by Ryan Miller without a rebound.
14:35 of 3rd period - Jori Lehtera wins face-off versus Jay McClement in Blues zone.
15:14 of 3rd period - Shot by Andre Burakovsky.
15:14 of 3rd period - Deflect By Thomas Vanek.
15:14 of 3rd period - Shot Misses the Net.
16:28 of 3rd period - Icing by John-Michael Liles.
16:29 of 3rd period - Casey Cizikas wins face-off versus Rick Nash in Blues zone.
16:30 of 3rd period - Shot by Calle Jarnkrok.
16:30 of 3rd period - Shot Blocked by Mike Fisher.
17:45 of 3rd period - Shot by Adam Cracknell.
17:45 of 3rd period - Stopped by Steve Mason without a rebound.
17:46 of 3rd period - Jiri Hudler wins face-off versus Andre Burakovsky in Flyers zone.
18:44 of 3rd period - Shot by Alexander Killorn.
18:44 of 3rd period - Shot Misses the Net.
18:46 of 3rd period - Shot by Josh Ho-Sang.
18:46 of 3rd period - Goal by Josh Ho-Sang - Flyers : 2 - Blues : 1.
18:47 of 3rd period - Jay McClement wins face-off versus Casey Cizikas in neutral zone.
18:52 of 3rd period - Shot by Dwight King.
18:52 of 3rd period - Stopped by Steve Mason with a rebound.
19:00 of 3rd period - Shot by Casey Cizikas.
19:00 of 3rd period - Stopped by Ryan Miller without a rebound.
19:01 of 3rd period - Casey Cizikas wins face-off versus Brian Gionta in Blues zone.
19:02 of 3rd period - Shot by Calle Jarnkrok.
19:02 of 3rd period - Stopped by Ryan Miller without a rebound.
19:03 of 3rd period - Casey Cizikas wins face-off versus Mike Fisher in Blues zone.
19:04 of 3rd period - Shot by Calle Jarnkrok.
19:04 of 3rd period - Stopped by Ryan Miller without a rebound.
19:05 of 3rd period - Mike Fisher wins face-off versus Casey Cizikas in Blues zone.
19:11 of 3rd period - Blues, Ryan Miller is pulled from the net.
19:21 of 3rd period - Shot by Mike Fisher.
19:21 of 3rd period - Shot Blocked by Jonathan Ericsson.
19:23 of 3rd period - Shot by Johnny Boychuk.
19:23 of 3rd period - Shot Misses the Net.
19:25 of 3rd period - Shot by Brian Gionta.
19:25 of 3rd period - Stopped by Steve Mason without a rebound.
19:26 of 3rd period - Mike Fisher wins face-off versus Casey Cizikas in Flyers zone.
19:33 of 3rd period - Shot by Rick Nash.
19:33 of 3rd period - Stopped by Steve Mason without a rebound.
19:34 of 3rd period - Casey Cizikas wins face-off versus Mike Fisher in Flyers zone.
19:53 of 3rd period - Shot by Rick Nash.
19:53 of 3rd period - Goal by Rick Nash - Flyers : 2 - Blues : 2.
19:53 of 3rd period - Ryan Miller from Blues was sent back in the game.
19:54 of 3rd period - Jay McClement wins face-off versus Bo Horvat in neutral zone.
19:59 of 3rd period - Shot by Kris Versteeg.
19:59 of 3rd period - Goal by Kris Versteeg - Flyers : 2 - Blues : 3.
Goals for this period are 1 for Flyers vs 2 for Blues.
Shots for this period are 7 for Flyers vs 16 for Blues.